AoeStats
← renardponpon

MegaRandom

508947335Analyzed
2v2 RM · 8d ago on Sep 24, 2026· 51m 18s· 4 players
Game mode
Random Map
Map size
Medium (4 player)
Population
200
Speed
Normal
Resources
Standard
Victory
Conquest
Starting age
Dark Age
Ending age
Imperial Age
RankedLock teamsTeams togetherTeam positionsShared explorationLock speedFull tech treeHidden civsTurbo modeCheats
Victory
Defeat
🇿🇦 Italians · South Africa
1040
+14
🇿🇦 Saracens · South Africa
1039
+14
🇫🇷 Franks · France
1022
-14
🇫🇷 Poles · France
985
-14
Azurii
5:24 Loom
11:28 Feudal Age
12:09 Double-Bit Axe
12:09 Horse Collar
13:21 Wheelbarrow
17:07 Gold Mining
17:43 Bloodlines
22:58 Castle Age
21:10 Forging
23:49 Heavy Plow
24:02 Bow Saw
23:19 Light Cavalry
25:31 Hand Cart
28:25 Scale Mail Armor
30:56 Iron Casting
30:29 Squires
32:19 Scale Barding Armor
32:30 Chain Mail Armor
39:45 Imperial Age
40:08 Chain Barding Armor
39:51 Husbandry
41:00 Plate Mail Armor
41:47 Town Watch
43:43 Blast Furnace
43:44 Crop Rotation
43:02 Arson
44:19 Town Patrol
44:14 Fletching
44:01 Winged Hussar
45:36 Bodkin Arrow
46:10 Conscription
48:03 Elite Obuch
50:48 Lechitic Legacy
renardponpon
13:24 Loom
15:11 Feudal Age
17:03 Double-Bit Axe
20:52 Man-at-Arms
21:58 Arson
22:16 Scale Mail Armor
22:27 Forging
28:06 Castle Age
26:27 Scale Barding Armor
32:28 Caravan
A_K_
4:52 Loom
9:34 Feudal Age
11:55 Double-Bit Axe
14:04 Scale Mail Armor
14:13 Scale Barding Armor
22:34 Scale Mail Armor
22:29 Man-at-Arms
29:25 Castle Age
27:58 Arson
30:34 Chain Mail Armor
39:11 Elite Skirmisher
44:49 Crossbowman
45:52 Gold Mining
47:06 Padded Archer Armor
46:57 Fletching
48:36 Leather Archer Armor
48:53 Bodkin Arrow
49:08 Forging
50:40 Forging
50:38 Pikeman
Groot Sap Pappa
6:45 Loom
9:49 Feudal Age
10:17 Double-Bit Axe
11:15 Man-at-Arms
20:53 Castle Age
19:55 Scale Barding Armor
20:01 Forging
20:36 Bloodlines
22:08 Bow Saw
22:11 Horse Collar
23:48 Iron Casting
24:46 Husbandry
25:42 Fletching
26:09 Crossbowman
28:25 Wheelbarrow
28:29 Wheelbarrow
30:38 Bodkin Arrow
31:42 Thumb Ring
34:33 Murder Holes
34:59 Ballistics
37:33 Imperial Age
37:34 Hand Cart
38:53 Chain Barding Armor
39:33 Blast Furnace
38:36 Bracer
38:19 Arbalester
41:26 Padded Archer Armor
42:44 Chain Barding Armor
44:04 Heavy Camel Rider
45:10 Town Watch
48:28 Leather Archer Armor
Connection lost

Rejoining the realm…

Still unreachable

The connection could not be restored.

Session expired

The server has moved on; the page needs a fresh start.